[Event "Gibraltar Masters 18th"]
[Site "Gibraltar"]
[Date "2020.01.25"]
[Round "5.38"]
[White "Muzychuk, Anna"]
[Black "Kulkarni, Bhakti"]
[Result "1-0"]
[ECO "C60"]
[WhiteElo "2539"]
[BlackElo "2404"]
[PlyCount "89"]
[EventDate "2020.01.21"]
[EventType "swiss"]
[EventRounds "10"]
[EventCountry "GGB"]
[SourceTitle "BritBase"]
[Source "John Saunders"]
[SourceDate "2021.06.05"]
[SourceVersion "1"]
[SourceVersionDate "2021.06.05"]
[SourceQuality "1"]
[TimeControl "40/100:0"]
[WhiteClock "0:45:31"]
[BlackClock "0:47:56"]

1. e4 e5 2. Nf3 Nc6 3. Bb5 g6 4. c3 Bg7 5. d4 exd4 6. cxd4 a6 7. Bxc6 dxc6 8. h3 Ne7 9. Nc3 O-O 10. O-O h6 11. Bf4 Be6 12. Re1 g5 13.
Be5 f6 14. Bh2 Qd7 15. d5 Bf7 16. dxc6 Qxc6 17. Rc1 Qe6 18. Bxc7 Rac8 19. Qd6 Nc6 20. Qg3 Bh5 21. Rcd1 Bxf3 22. gxf3 f5 23. Bd6 Rfe8 24. exf5 Qxf5 25. Qg4 Rxe1+ 26. Rxe1 Nd4 27. Kg2 Rc6 28.
Re8+ Kh7 29. Ne4 Qg6 30. Qd7 Qf5 31. Re7 Qxd7 32. Rxd7 Kg6 33. Rxg7+ Kxg7 34. Be5+ Kg6 35. Bxd4 b5 36. Bc3 Kf5 37. Ng3+ Ke6 38. Nf1 a5 39. Bxa5 Ra6 40. b4 Rc6 41. Ne3 Rc1 42. Ng4 h5 43.
Ne3 Kd7 44. Nf5 Rd1 45. Ng3 1-0

[Event "Gibraltar Masters 18th"]
[Site "Gibraltar"]
[Date "2020.01.25"]
[Round "5.39"]
[White "Haug, Johannes"]
[Black "Bellahcene, Bilel"]
[Result "1-0"]
[ECO "C55"]
[WhiteElo "2407"]
[BlackElo "2536"]
[PlyCount "95"]
[EventDate "2020.01.21"]
[EventType "swiss"]
[EventRounds "10"]
[EventCountry "GGB"]
[SourceTitle "BritBase"]
[Source "John Saunders"]
[SourceDate "2021.06.05"]
[SourceVersion "1"]
[SourceVersionDate "2021.06.05"]
[SourceQuality "1"]
[TimeControl "40/100:0"]
[WhiteClock "0:09:47"]
[BlackClock "0:30:42"]

1. e4 e5 2. Nf3 Nc6 3. Bc4 Nf6 4. d3 h6 5. O-O d6 6. c3 g5 7. Bb3 Bg7 8. Nbd2 Nh5 9. Nc4 Nf4 10. d4 Qf6 11. dxe5 dxe5 12. g3 Nh3+ 13.
Kg2 Bd7 14. Ne3 Ne7 15. Nd5 Nxd5 16. Qxd5 c6 17. Qd3 O-O-O 18. Qe3 Kb8 19. Bd2 Rhg8 20. Ng1 Nf4+ 21. gxf4 gxf4 22. Qe2 Bf8+ 23. Kh1 Qg6 24. f3 Bc5 25. Rf2 Bc8 26. Rd1 Bxf2 27. Qxf2 h5 28. Be1 Rdf8 29. Qf1 Qg5 30. Rd2 h4 31. h3 Qe7 32. Rg2 Be6 33. Rxg8 Rxg8 34. Qf2 Bxb3 35. axb3 Qg5 36. b4 f5 37. exf5 Qxf5 38. Qxh4 e4 39. Qf2 e3 40. Qh2 Ka8 41. Qe2 a6 42. h4 Rd8 43. Kg2 Qg6+ 44. Kf1 c5 45. Nh3 Qf5 46. Kg2 Qb1 47. Nxf4 Qc1 48.
bxc5 1-0

[Event "Gibraltar Masters 18th"]
[Site "Gibraltar"]
[Date "2020.01.25"]
[Round "5.40"]
[White "Sadhwani, Raunak"]
[Black "Merario Alarcon, Andres"]
[Result "1/2-1/2"]
[ECO "C42"]
[WhiteElo "2522"]
[BlackElo "2412"]
[PlyCount "66"]
[EventDate "2020.01.21"]
[EventType "swiss"]
[EventRounds "10"]
[EventCountry "GGB"]
[SourceTitle "BritBase"]
[Source "John Saunders"]
[SourceDate "2021.06.05"]
[SourceVersion "1"]
[SourceVersionDate "2021.06.05"]
[SourceQuality "1"]
[TimeControl "40/100:0"]
[WhiteClock "0:23:59"]
[BlackClock "0:17:34"]

1. e4 e5 2. Nf3 Nf6 3. Nxe5 d6 4. Nf3 Nxe4 5. c4 Nc6 6.
Nc3 Nxc3 7. dxc3 g6 8. Bg5 Be7 9. Be3 O-O 10. Be2 Bf6 11.
Nd4 Nxd4 12. cxd4 d5 13. O-O dxc4 14. Bxc4 Qd6 15. Qf3 Bg7 16. Rad1 Qf6 17. Qg3 c6 18. d5 cxd5 19. Bd4 Qf5 20. Bd3 Qg4 21. Bxg7 Qxg3 22. fxg3 Kxg7 23. Rc1 Be6 24. Kf2 Rfc8 25. Ke3 Kf8 26. Kd4 Ke7 27. Rce1 Kd6 28. g4 Rc6 29. a3 Rac8 30. g5 Rb6 31. Rf2 Rbc6 32. Rff1 Rc5 33. a4 R5c6 1/2-1/2

[Event "Gibraltar Masters 18th"]
[Site "Gibraltar"]
[Date "2020.01.25"]
[Round "5.41"]
[White "Flom, Gabriel"]
[Black "Sankalp, Gupta"]
[Result "1-0"]
[ECO "E36"]
[WhiteElo "2510"]
[BlackElo "2400"]
[PlyCount "111"]
[EventDate "2020.01.21"]
[EventType "swiss"]
[EventRounds "10"]
[EventCountry "GGB"]
[SourceTitle "BritBase"]
[Source "John Saunders"]
[SourceDate "2021.06.05"]
[SourceVersion "1"]
[SourceVersionDate "2021.06.05"]
[SourceQuality "1"]
[TimeControl "40/100:0"]
[WhiteClock "0:02:17"]
[BlackClock "0:02:52"]

1. d4 Nf6 2. c4 e6 3. Nc3 Bb4 4. Qc2 d5 5. a3 Bxc3+ 6. Qxc3 dxc4 7. Qxc4 O-O 8. Bg5 h6 9. Bh4 b6 10. Nf3 Ba6 11. Qa4 Qd7 12. Qc2 c5 13.
dxc5 Rc8 14. Bxf6 gxf6 15. Rd1 Qc6 16. Qd2 Kg7 17. cxb6 Qxb6 18. h4 Nc6 19. Rh3 Rd8 20. Rg3+ Kh7 21. Qc2+ Kh8 22. Rxd8+ Rxd8 23. Qc1 Kh7 24. Nd2 Nd4 25. Rc3 Qd6 26. e3 Bxf1 27. Nxf1 Nf5 28. g3 Ne7 29. Nd2 Kg7 30. Rc4 Qd5 31. e4 Qh5 32. Qc3 Ng6 33. Rd4 Rxd4 34. Qxd4 Ne5 35. Qe3 Nc6 36. Nf3 Qa5+ 37. Qc3 Qa4 38. Qd3 Qa5+ 39. Kf1 Qc5 40. Kg2 a5 41. Qc3 Qb5 42. b3 e5 43. Qc4 Qb6 44. h5 Kg8 45. b4 axb4 46. axb4 Nd4 47. Nxd4 exd4 48. b5 Qd8 49. Qd5 Qb6 50. Qc6 Qd8 51. b6 d3 52. Qc7 Qe8 53. b7 Qxe4+ 54. Kh2 Qe2 55. b8=Q+ Kg7 56. Qc5 1-0

[Event "Gibraltar Masters 18th"]
[Site "Gibraltar"]
[Date "2020.01.25"]
[Round "5.42"]
[White "Petrov, Martin"]
[Black "Lujan, Carolina"]
[Result "1/2-1/2"]
[ECO "B85"]
[WhiteElo "2504"]
[BlackElo "2330"]
[PlyCount "84"]
[EventDate "2020.01.21"]
[EventType "swiss"]
[EventRounds "10"]
[EventCountry "GGB"]
[SourceTitle "BritBase"]
[Source "John Saunders"]
[SourceDate "2021.06.05"]
[SourceVersion "1"]
[SourceVersionDate "2021.06.05"]
[SourceQuality "1"]
[TimeControl "40/100:0"]
[WhiteClock "0:05:19"]
[BlackClock "0:19:14"]

1. e4 c5 2. Nf3 e6 3. d4 cxd4 4. Nxd4 Nc6 5. Nc3 Qc7 6. Be2 Nf6 7. O-O a6 8. Be3 Be7 9. f4 d6 10. Kh1 O-O 11. Qe1 Nxd4 12. Bxd4 b5 13.
a3 Bb7 14. Qg3 Rad8 15. Rae1 Bc6 16. Bd3 Qd7 17. e5 dxe5 18. Bxe5 Nh5 19. Qh3 g6 20. f5 exf5 21. Bxf5 Qb7 22. Be4 Rd2 23. Qf3 Bxe4 24. Nxe4 Rd7 25. Rd1 Rxd1 26. Rxd1 Qc8 27. g4 Qe6 28. Bd6 Rd8 29. gxh5 Bxd6 30. Nxd6 Rxd6 31. Qa8+ Kg7 32. h6+ Kxh6 33. Qf8+ Kh5 34. Qxd6 Qe4+ 35. Kg1 Qe3+ 36. Kf1 Qf3+ 37. Ke1 Qe3+ 38. Kf1 Qf3+ 39. Kg1 Qe3+ 40. Kg2 Qe2+ 41. Kg3 Qe3+ 42. Kg2 Qe2+ 1/2-1/2

[Event "Gibraltar Masters 18th"]
[Site "Gibraltar"]
[Date "2020.01.25"]
[Round "5.43"]
[White "Pourkashiyan, Atousa"]
[Black "Tan, Zhongyi"]
[Result "1/2-1/2"]
[ECO "B85"]
[WhiteElo "2305"]
[BlackElo "2493"]
[PlyCount "86"]
[EventDate "2020.01.21"]
[EventType "swiss"]
[EventRounds "10"]
[EventCountry "GGB"]
[SourceTitle "BritBase"]
[Source "John Saunders"]
[SourceDate "2021.06.05"]
[SourceVersion "1"]
[SourceVersionDate "2021.06.05"]
[SourceQuality "1"]
[TimeControl "40/100:0"]
[WhiteClock "0:18:27"]
[BlackClock "1:19:02"]

1. e4 c5 2. Nf3 d6 3. d4 cxd4 4. Nxd4 Nf6 5. Nc3 a6 6. Be3 e6 7. Be2 Be7 8. O-O O-O 9. f4 Nc6 10. Kh1 Qc7 11. Qe1 Nxd4 12. Bxd4 b5 13.
a3 Bb7 14. Qg3 Bc6 15. Rae1 Rac8 16. Bd3 e5 17. fxe5 Nh5 18. Qh3 dxe5 19. Qxh5 exd4 20. Nd5 Bxd5 21. exd5 g6 22. Qh6 Rce8 23. Re4 Qd8 24. Rxd4 Bf6 25. Rb4 Qxd5 26. Qh3 Bg5 27. Qg4 Re5 28. Re4 Rfe8 29. Rxe5 Qxe5 30. a4 Be7 31. Qf3 Rf8 32. axb5 Bd6 33. g3 axb5 34. c3 h5 35. Qe4 Qg5 36. Qc6 Qe7 37. Qd5 Kg7 38. Bxb5 h4 39. Kg2 Rb8 40. b4 Rc8 41. Bc4 f6 42. Rf3 Be5 43. Qe6 Qxe6 1/2-1/2

[Event "Gibraltar Masters 18th"]
[Site "Gibraltar"]
[Date "2020.01.25"]
[Round "5.44"]
[White "Werle, Iozefina"]
[Black "Henderson De La Fuente, Lance"]
[Result "1/2-1/2"]
[ECO "B50"]
[WhiteElo "2271"]
[BlackElo "2492"]
[PlyCount "53"]
[EventDate "2020.01.21"]
[EventType "swiss"]
[EventRounds "10"]
[EventCountry "GGB"]
[SourceTitle "BritBase"]
[Source "John Saunders"]
[SourceDate "2021.06.05"]
[SourceVersion "1"]
[SourceVersionDate "2021.06.05"]
[SourceQuality "1"]
[TimeControl "40/100:0"]
[WhiteClock "0:42:30"]
[BlackClock "0:46:06"]

1. e4 c5 2. Nf3 e6 3. b3 d6 4. Bb2 Nf6 5. e5 dxe5 6. Nxe5 Be7 7. Bd3 Nbd7 8.
f4 Nxe5 9. fxe5 Nd5 10. O-O Bd7 11. Nc3 Nxc3 12. Qh5 g6 13.
Qf3 O-O 14. Bxc3 Bc6 15. Be4 Bxe4 16. Qxe4 Qd5 17. Qf4 b5 18. Rf3 h5 19. Raf1 c4 20. Qh6 b4 21. Rg3 bxc3 22. Rxg6+ fxg6 23. Qxg6+ Kh8 24. Qh6+ Kg8 25. Qg6+ Kh8 26. Qh6+ Kg8 27. Qg6+ 1/2-1/2

[Event "Gibraltar Masters 18th"]
[Site "Gibraltar"]
[Date "2020.01.25"]
[Round "5.45"]
[White "Plotkin, Victor"]
[Black "Raja, Harshit"]
[Result "1-0"]
[ECO "B22"]
[WhiteElo "2267"]
[BlackElo "2482"]
[PlyCount "103"]
[EventDate "2020.01.21"]
[EventType "swiss"]
[EventRounds "10"]
[EventCountry "GGB"]
[SourceTitle "BritBase"]
[Source "John Saunders"]
[SourceDate "2021.06.05"]
[SourceVersion "1"]
[SourceVersionDate "2021.06.05"]
[SourceQuality "1"]
[TimeControl "40/100:0"]
[WhiteClock "0:12:08"]
[BlackClock "0:44:57"]

1. e4 c5 2. c3 g6 3. d4 cxd4 4. cxd4 d5 5. e5 Nc6 6. Nc3 f6 7. Nf3 a6 8. Bf4 Bg4 9. Be2 e6 10. O-O Bxf3 11. Bxf3 fxe5 12. Bxe5 Nxe5 13. dxe5 Bg7 14. Bg4 Qe7 15. Qa4+ Kf8 16. Qf4+ Qf7 17. Qb4+ Qe7 18. Qb6 Re8 19. f4 Nh6 20. Bh3 Nf5 21. Bxf5 gxf5 22. Rac1 Qd7 23. Ne2 Re7 24. Rc5 Kf7 25. Rfc1 Rhe8 26. Nd4 Qa4 27. R5c3 Bf8 28. Ra3 Qd7 29. Rac3 Qa4 30. a3 Rd7 31. Rh3 h6 32. Rg3 Bg7 33. Rgc3 Bf8 34. Rg3 Bg7 35. h3 Rde7 36. Rgc3 Bf8 37. Kh1 h5 38. h4 Kg8 39. g3 Kf7 40. Kh2 Kg8 41. R1c2 Kf7 42. Rc7 Kg8 43. R7c3 Kf7 44. Kg2 Kg8 45. Kf2 Kf7 46. Ke2 Kg8 47. Kd2 Rg7 48. Kc1 Rg6 49. Kb1 Be7 50. Nxf5 Bd8 51. Qd6 Qe4 52. Qd7 1-0

[Event "Gibraltar Masters 18th"]
[Site "Gibraltar"]
[Date "2020.01.25"]
[Round "5.46"]
[White "Weisbuch, Udi"]
[Black "Vocaturo, Daniele"]
[Result "0-1"]
[ECO "B51"]
[WhiteElo "2222"]
[BlackElo "2622"]
[PlyCount "76"]
[EventDate "2020.01.21"]
[EventType "swiss"]
[EventRounds "10"]
[EventCountry "GGB"]
[SourceTitle "BritBase"]
[Source "John Saunders"]
[SourceDate "2021.06.05"]
[SourceVersion "1"]
[SourceVersionDate "2021.06.05"]
[SourceQuality "1"]
[TimeControl "40/100:0"]
[WhiteClock "0:00:38"]
[BlackClock "0:31:24"]

1. e4 c5 2. Nf3 d6 3. Bb5+ Nd7 4. d4 cxd4 5. Qxd4 a6 6. Bxd7+ Qxd7 7. c4 e5 8. Qd3 f5 9. Nc3 Nf6 10. O-O fxe4 11. Nxe4 b5 12. cxb5 Nxe4 13. Qxe4 Bb7 14. Qe3 Qxb5 15. a4 Qd5 16. Qd2 Qc4 17. Ra3 Be7 18. Rc3 Qxa4 19. Rc7 Bxf3 20. gxf3 Qb3 21. f4 Qe6 22. f5 Qxf5 23. f4 e4 24. Qc2 Kf7 25. Qb3+ Qe6 26. Qxe6+ Kxe6 27. f5+ Kf7 28. Bg5 Rhe8 29. f6 gxf6 30. Rxf6+ Kg8 31. Rf5 Rf8 32. Rd5 Bf6 33. Bxf6 Rxf6 34. Re7 Rb8 35. Rg5+ Kf8 36. Rxh7 Rxb2 37. Rgg7 e3 38. Ra7 Rg6+ 0-1

[Event "Gibraltar Masters 18th"]
[Site "Gibraltar"]
[Date "2020.01.25"]
[Round "5.47"]
[White "Kryakvin, Dmitry"]
[Black "Melia, Salome"]
[Result "1/2-1/2"]
[ECO "D02"]
[WhiteElo "2592"]
[BlackElo "2368"]
[PlyCount "98"]
[EventDate "2020.01.21"]
[EventType "swiss"]
[EventRounds "10"]
[EventCountry "GGB"]
[SourceTitle "BritBase"]
[Source "John Saunders"]
[SourceDate "2021.06.05"]
[SourceVersion "1"]
[SourceVersionDate "2021.06.05"]
[SourceQuality "1"]
[TimeControl "40/100:0"]
[WhiteClock "0:48:01"]
[BlackClock "0:24:49"]

1. d4 d5 2. Nf3 Nf6 3. Bf4 e6 4. e3 Be7 5. Bd3 O-O 6. Nbd2 b6 7. Ne5 c5 8. c3 Nfd7 9. Qf3 Nxe5 10. dxe5 Ba6 11. Bc2 Nd7 12. Qh3 g6 13. Nf3 Rc8 14. Qh6 f5 15. g4 Rc6 16. Rd1 Rf7 17. gxf5 exf5 18. Rxd5 Re6 19. Bb3 c4 20. Ba4 Qa8 21. Rxd7 Qxf3 22. Rg1 b5 23. Bd1 Qc6 24. Rd2 b4 25. Qh3 bxc3 26. bxc3 Qb5 27. Bf3 Bb7 28. Bxb7 Qxb7 29. Qg2 Qxg2 30. Rxg2 Rf8 31. Rd7 a6 32. f3 Rb8 33. Rgd2 Bh4+ 34. Kf1 g5 35. Bg3 Bxg3 36. hxg3 Rxe5 37. Kf2 Reb5 38. e4 fxe4 39. fxe4 Rb2 40. Ke3 Rxd2 41. Rxd2 h5 42. e5 Kf7 43. Ke4 Ke7 44. Kf5 Rf8+ 45. Kxg5 Rf3 46. Rg2 Rxc3 47. Kxh5 Re3 48. g4 Rxe5+ 49. g5 Kf7 1/2-1/2

[Event "Gibraltar Masters 18th"]
[Site "Gibraltar"]
[Date "2020.01.25"]
[Round "5.48"]
[White "Tregubov, Pavel V"]
[Black "Shachar, Ehud"]
[Result "1-0"]
[ECO "A90"]
[WhiteElo "2588"]
[BlackElo "2363"]
[PlyCount "75"]
[EventDate "2020.01.21"]
[EventType "swiss"]
[EventRounds "10"]
[EventCountry "GGB"]
[SourceTitle "BritBase"]
[Source "John Saunders"]
[SourceDate "2021.06.05"]
[SourceVersion "1"]
[SourceVersionDate "2021.06.05"]
[SourceQuality "1"]
[TimeControl "40/100:0"]
[WhiteClock "0:01:44"]
[BlackClock "0:05:12"]

1. d4 e6 2. c4 f5 3. g3 Nf6 4. Bg2 c6 5. Nf3 d5 6. O-O Bd6 7. Ne5 O-O 8.
Bf4 Nh5 9. e3 Nxf4 10. exf4 Nd7 11. Nf3 Nf6 12. Re1 Ne4 13. Ne5 Bxe5 14. fxe5 Qb6 15. Re2 Bd7 16. f3 Ng5 17. Qd2 h6 18. Nc3 Qa6 19. c5 b6 20. b4 bxc5 21. bxc5 Rab8 22. h4 Nf7 23. Bf1 Qa3 24. Re3 Qa5 25.
Rb1 f4 26. Rxb8 Rxb8 27. gxf4 Qd8 28. Qh2 Rb4 29. Ne2 Ra4 30. f5 Rxa2 31. Qg3 Bc8 32. Bh3 exf5 33. e6 Nh8 34. Bxf5 Qe8 35. Nf4 Qe7 36. Nh5 Rb2 37. Qxg7+ Qxg7+ 38. Nxg7 1-0

[Event "Gibraltar Masters 18th"]
[Site "Gibraltar"]
[Date "2020.01.25"]
[Round "5.49"]
[White "Gschnitzer, Oswald"]
[Black "Idani, Pouya"]
[Result "0-1"]
[ECO "A50"]
[WhiteElo "2361"]
[BlackElo "2577"]
[PlyCount "86"]
[EventDate "2020.01.21"]
[EventType "swiss"]
[EventRounds "10"]
[EventCountry "GGB"]
[SourceTitle "BritBase"]
[Source "John Saunders"]
[SourceDate "2021.06.05"]
[SourceVersion "1"]
[SourceVersionDate "2021.06.05"]
[SourceQuality "1"]
[TimeControl "40/100:0"]
[WhiteClock "0:48:47"]
[BlackClock "1:10:29"]

1. Nf3 Nf6 2. c4 b6 3. g3 Bb7 4. Bg2 g6 5. O-O Bg7 6. d4 O-O 7. d5 e6 8. Nc3 Na6 9. Nd4 e5 10. Nc2 Re8 11. e4 c6 12. Be3 Bf8 13.
h3 Rc8 14. Qd2 Nh5 15. Kh2 Nb4 16. Ne1 a5 17. Na4 cxd5 18. Bxb6 Qf6 19. cxd5 Ba6 20. a3 Nxd5 21. exd5 Rc4 22. b4 axb4 23. axb4 Rxb4 24. d6 Bxd6 25. Nd3 Bxd3 26. Qxd3 e4 27. Qe3 Ra8 28. Nc3 Rxa1 29. Rxa1 Rxb6 30. Ra8+ Rb8 31. Nxe4 Qe7 32. Qa7 Rxa8 33. Qxa8+ Kg7 34. Qd5 Be5 35. Bf3 f5 36. Nc5 Nf6 37. Qc4 h5 38. Nd3 h4 39. Qxh4 Ng4+ 40.
Kg2 Bf6 41. hxg4 Bxh4 42. gxh4 fxg4 43. Bxg4 Qe4+ 0-1

[Event "Gibraltar Masters 18th"]
[Site "Gibraltar"]
[Date "2020.01.25"]
[Round "5.50"]
[White "Beinoras, Mindaugas"]
[Black "Baron, Tal"]
[Result "1/2-1/2"]
[ECO "D85"]
[WhiteElo "2355"]
[BlackElo "2529"]
[PlyCount "75"]
[EventDate "2020.01.21"]
[EventType "swiss"]
[EventRounds "10"]
[EventCountry "GGB"]
[SourceTitle "BritBase"]
[Source "John Saunders"]
[SourceDate "2021.06.05"]
[SourceVersion "1"]
[SourceVersionDate "2021.06.05"]
[SourceQuality "1"]
[TimeControl "40/100:0"]
[WhiteClock "0:02:06"]
[BlackClock "0:43:46"]

1. d4 Nf6 2. c4 g6 3. Nc3 d5 4. cxd5 Nxd5 5. Bd2 Bg7 6. e4 Nxc3 7. Bxc3 O-O 8. Bc4 c5 9. d5 Nd7 10. Nf3 Nb6 11. Qd3 Bxc3+ 12. Qxc3 Nxc4 13. Qxc4 e6 14. O-O exd5 15. exd5 b6 16. Rad1 Bb7 17. Qf4 Kg7 18. Ng5 Rc8 19. Rfe1 Rc7 20. Qe5+ Kg8 21. Ne4 f6 22. Qe6+ Kh8 23. d6 Rd7 24. Nc3 Bc6 25. Re3 f5 26. Nd5 Bxd5 27. Qxd5 Re8 28. Re6 Rxe6 29. Qxe6 Kg7 30. h4 Kf8 31. h5 Qe8 32. Qf6+ Qf7 33.
Qh8+ Qg8 34. Qe5 Qg7 35. Qe6 Qf7 36. Qe5 Qg7 37. Qe6 Qf7 38.
Qe5 1/2-1/2

[Event "Gibraltar Masters 18th"]
[Site "Gibraltar"]
[Date "2020.01.25"]
[Round "5.51"]
[White "Beliavsky, Alexander G"]
[Black "Vega Gutierrez, Sabrina"]
[Result "1-0"]
[ECO "A90"]
[WhiteElo "2529"]
[BlackElo "2364"]
[PlyCount "75"]
[EventDate "2020.01.21"]
[EventType "swiss"]
[EventRounds "10"]
[EventCountry "GGB"]
[SourceTitle "BritBase"]
[Source "John Saunders"]
[SourceDate "2021.06.05"]
[SourceVersion "1"]
[SourceVersionDate "2021.06.05"]
[SourceQuality "1"]
[TimeControl "40/100:0"]
[WhiteClock "0:58:16"]
[BlackClock "0:01:00"]

1. d4 d5 2. c4 e6 3. Nf3 c6 4. Nbd2 f5 5. g3 Nf6 6. Bg2 Bd6 7. Ne5 O-O 8.
O-O Qe7 9. Ndf3 b6 10. Bf4 Bb7 11. Rc1 dxc4 12. Nxc4 Bxf4 13. gxf4 Rd8 14. Qb3 Nd5 15. e3 Na6 16. Nce5 c5 17. Rc4 Ndc7 18. Rcc1 Bd5 19. Qa3 Nb4 20. dxc5 bxc5 21. Qa5 Bxa2 22. Rxc5 Nca6 23. Rc3 Bd5 24. Nd4 Bxg2 25. Kxg2 Rd5 26. Qa3 Rd6 27. Rfc1 Qb7+ 28. Kg3 Rad8 29. Ndc6 Nxc6 30. Nxc6 Qf7 31. h3 Rd2 32. Nxd8 Qg6+ 33. Kf3 Qh5+ 34. Kg2 Qe2 35. Rf1 Rxd8 36. Qe7 Rf8 37. Qxe6+ Kh8 38. Rc8 1-0

[Event "Gibraltar Masters 18th"]
[Site "Gibraltar"]
[Date "2020.01.25"]
[Round "5.52"]
[White "Gordon, Stephen J"]
[Black "Abrahamyan, Tatev"]
[Result "1-0"]
[ECO "A13"]
[WhiteElo "2504"]
[BlackElo "2363"]
[PlyCount "67"]
[EventDate "2020.01.21"]
[EventType "swiss"]
[EventRounds "10"]
[EventCountry "GGB"]
[SourceTitle "BritBase"]
[Source "John Saunders"]
[SourceDate "2021.06.05"]
[SourceVersion "1"]
[SourceVersionDate "2021.06.05"]
[SourceQuality "1"]
[TimeControl "40/100:0"]
[WhiteClock "0:38:40"]
[BlackClock "0:07:26"]

1. c4 Nf6 2. Nf3 e6 3. g3 a6 4. Bg2 b5 5. Na3 c6 6. b3 Be7 7. O-O O-O 8. d4 d5 9. Nc2 Nbd7 10. Nd2 bxc4 11. bxc4 Rb8 12. e4 a5 13. e5 Ne8 14. c5 Nc7 15. Nf3 f6 16. exf6 Bxf6 17. Bf4 Re8 18.
Re1 Rb2 19. Qc1 Rb5 20. Bf1 Rb7 21. Qd2 Ra7 22. h4 Nf8 23.
Ne5 Bxe5 24. Bxe5 Ng6 25. Bd6 Nb5 26. Be5 Nxe5 27. Rxe5 Bd7 28. Ne3 Nc7 29. Bd3 Rf8 30. Rh5 h6 31. Ng4 Ne8 32. Nxh6+ gxh6 33. Qxh6 Ng7 34. Bg6 1-0

[Event "Gibraltar Masters 18th"]
[Site "Gibraltar"]
[Date "2020.01.25"]
[Round "5.53"]
[White "Lei, Tingjie"]
[Black "Petrov, Vladimir Sergeev"]
[Result "1-0"]
[ECO "E01"]
[WhiteElo "2493"]
[BlackElo "2353"]
[PlyCount "75"]
[EventDate "2020.01.21"]
[EventType "swiss"]
[EventRounds "10"]
[EventCountry "GGB"]
[SourceTitle "BritBase"]
[Source "John Saunders"]
[SourceDate "2021.06.05"]
[SourceVersion "1"]
[SourceVersionDate "2021.06.05"]
[SourceQuality "1"]
[TimeControl "40/100:0"]
[WhiteClock "0:03:30"]
[BlackClock "0:01:37"]

1. d4 Nf6 2. Nf3 e6 3. g3 d5 4. Bg2 Nbd7 5. O-O Be7 6. c4 c6 7. Qc2 b6 8. cxd5 cxd5 9. Bf4 Ba6 10. Rc1 O-O 11. Nc3 Nh5 12. Be5 f6 13.
Qa4 fxe5 14. Qxa6 e4 15. Ne1 Qe8 16. e3 Nhf6 17. Qe2 Qf7 18.
Nb5 h5 19. Rc6 Ng4 20. f3 exf3 21. Nxf3 Ndf6 22. Nc7 Rac8 23. Ng5 Qg6 24. Ngxe6 Nxh2 25. Kxh2 Rxc7 26. Nf4 Ng4+ 27. Kh1 Rxc6 28. Nxg6 Rxg6 29. Bxd5+ Kh8 30. Rf1 Nf6 31. Rf5 Bd6 32. e4 Nxd5 33. Rxd5 Rc8 34. Rxh5+ Kg8 35. e5 Be7 36. Qe4 Rcc6 37. d5 Rc1+ 38. Kg2 1-0

[Event "Gibraltar Masters 18th"]
[Site "Gibraltar"]
[Date "2020.01.25"]
[Round "5.54"]
[White "Borocz, Istvan"]
[Black "Bilguun, Sumiya"]
[Result "1/2-1/2"]
[ECO "A47"]
[WhiteElo "2337"]
[BlackElo "2486"]
[PlyCount "71"]
[EventDate "2020.01.21"]
[EventType "swiss"]
[EventRounds "10"]
[EventCountry "GGB"]
[SourceTitle "BritBase"]
[Source "John Saunders"]
[SourceDate "2021.06.05"]
[SourceVersion "1"]
[SourceVersionDate "2021.06.05"]
[SourceQuality "1"]
[TimeControl "40/100:0"]
[WhiteClock "0:01:40"]
[BlackClock "0:00:36"]

1. d4 Nf6 2. Nf3 e6 3. e3 b6 4. Bd3 Bb7 5. O-O Ne4 6. Nfd2 d5 7. Bxe4 dxe4 8. b3 Nd7 9. Bb2 Qh4 10. Ba3 f5 11. Qe2 c5 12. Nc4 cxd4 13.
Bxf8 Kxf8 14. Qd2 d3 15. cxd3 exd3 16. Qxd3 Rd8 17. Qd6+ Qe7 18. Nc3 Ba6 19. Qf4 Nc5 20. Rfd1 Nd3 21. Qg3 Qf6 22. Ne5 Nxe5 23. Rxd8+ Qxd8 24. Qxe5 Kf7 25. Rd1 Qc8 26. e4 g6 27. h4 Rd8 28. Rxd8 Qxd8 29. h5 Qd2 30. exf5 gxf5 31. Qc7+ Kf6 32. Qxh7 Qe1+ 33. Kh2 Qxf2 34. Qg6+ Ke7 35. Qg7+ Ke8 36. Kh3 1/2-1/2

[Event "Gibraltar Masters 18th"]
[Site "Gibraltar"]
[Date "2020.01.25"]
[Round "5.55"]
[White "Gines Esteo, Pedro Antonio"]
[Black "Zhukova, Natalia"]
[Result "0-1"]
[ECO "A07"]
[WhiteElo "2482"]
[BlackElo "2338"]
[PlyCount "66"]
[EventDate "2020.01.21"]
[EventType "swiss"]
[EventRounds "10"]
[EventCountry "GGB"]
[SourceTitle "BritBase"]
[Source "John Saunders"]
[SourceDate "2021.06.05"]
[SourceVersion "1"]
[SourceVersionDate "2021.06.05"]
[SourceQuality "1"]
[TimeControl "40/100:0"]
[WhiteClock "0:02:32"]
[BlackClock "0:04:04"]

1. Nf3 d5 2. g3 Nd7 3. Bg2 e5 4. d3 Ngf6 5. O-O c6 6. c4 Bd6 7. a3 O-O 8. b4 Re8 9. Bb2 a5 10. c5 Bf8 11. Nbd2 b6 12. d4 exd4 13.
Nxd4 bxc5 14. Nxc6 Qb6 15. Nxa5 Rxa5 16. Bxf6 cxb4 17. axb4 Bxb4 18. Rxa5 Qxa5 19. Nb3 Qb5 20. Ba1 Qxe2 21. Qxd5 Qe6 22. Qd4 Bf8 23. Bd5 Qg6 24. Qa4 Rd8 25. Rd1 Nb6 26. Qa5 Rxd5 27. Rxd5 Qb1+ 28. Kg2 Nxd5 29. Qxd5 Be6 30. Qd8 Qxb3 31. Bd4 Bd5+ 32. Kh3 Qf3 33. Bc5 Be6+ 0-1

[Event "Gibraltar Masters 18th"]
[Site "Gibraltar"]
[Date "2020.01.25"]
[Round "5.56"]
[White "Abergel, Thal"]
[Black "Garcia Martin, Marta"]
[Result "1-0"]
[ECO "A13"]
[WhiteElo "2478"]
[BlackElo "2317"]
[PlyCount "167"]
[EventDate "2020.01.21"]
[EventType "swiss"]
[EventRounds "10"]
[EventCountry "GGB"]
[SourceTitle "BritBase"]
[Source "John Saunders"]
[SourceDate "2021.06.05"]
[SourceVersion "1"]
[SourceVersionDate "2021.06.05"]
[SourceQuality "1"]
[TimeControl "40/100:0"]
[WhiteClock "0:13:01"]
[BlackClock "0:00:41"]

1. Nf3 Nf6 2. c4 e6 3. g3 d5 4. Bg2 dxc4 5. Qa4+ Bd7 6.
Qxc4 c5 7. Nc3 Bc6 8. d3 Nbd7 9. Bf4 a6 10. O-O b5 11. Qb3 Be7 12. a4 O-O 13.
Rfc1 Qb6 14. Nd2 Bxg2 15. Kxg2 Ng4 16. Nd1 Qc6+ 17. Kg1 e5 18. Be3 Nb6 19. axb5 axb5 20. h3 Nxe3 21. Nxe3 Bg5 22. Ndf1 g6 23. Rxa8 Rxa8 24. Qc2 Be7 25. Nd2 Nd5 26. Nxd5 Qxd5 27. Ne4 Rc8 28. Nc3 Qe6 29. h4 b4 30. Ne4 Kg7 31. Nd2 Ra8 32. b3 f5 33.
Qb2 h6 34. Ra1 Rxa1+ 35. Qxa1 Bf6 36. Qa7+ Qe7 37. Qb6 g5 38. h5 Qf7 39. g4 fxg4 40. Ne4 Be7 41. Qc7 Kf8 42. Qb8+ Qe8 43. Qxe5 Qxh5 44. Nxc5 Qg6 45. Qb8+ Kg7 46. Qxb4 g3 47. Qd4+ Qf6 48. Qxf6+ Bxf6 49. e3 gxf2+ 50. Kxf2 Kf7 51. b4 h5 52. b5 Bd8 53. d4 g4 54. e4 h4 55. Nd3 Ke6 56. Nf4+ Kd7 57. Nd5 h3 58. Ne3 Bh4+ 59. Kg1 g3 60. Nf5 Bg5 61. b6 Kc6 62. d5+ Kxb6 63.
Nxg3 Kc5 64. Kh2 Kd4 65. Kxh3 Ke5 66. Kg4 Bd8 67. Kf3 Bg5 68. Nf1 Kd4 69. Nh2 Bd8 70. Ng4 Bc7 71. Ne3 Bb8 72. Nf5+ Ke5 73. Ke3 Ba7+ 74. Kd3 Bb8 75. Ne3 Kd6 76. Nc2 Kc5 77. Nd4 Bh2 78. Nf5 Be5 79. Ke3 Kc4 80. Kf3 Bb8 81. d6 Kc5 82. Kf4 Kc6 83.
Ke5 Ba7 84. Ke6 1-0